 Dungeon Crawl Stone Soup version 0.27.0-1-g7a089689b8 (webtiles) character file.

Game seed: 16944013594052132311

90 Malachi the Ducker (level 4, -4/34 HPs)
             Began as a Djinni Gladiator on Aug 12, 2021.
             Slain by Sigmund (12 damage)
             ... on level 3 of the Dungeon.
             The game lasted 00:04:21 (3668 turns).

Malachi the Ducker (Djinni Gladiator)               Turns: 3668, Time: 00:04:22

Health: -4/34      AC:  4    Str: 11 (14) XL:     4   Next: 85%
Gold:   91         EV:  8    Int:  8 (9)  God:
                   SH: 10    Dex: 14 (15)

rFire    + + .     SeeInvis .   a - +0 long sword
rCold    x . .     Faith    .   i - +0 tower shield
rNeg     . . .     Spirit   .   b - +0 leather armour
rPois    ∞         Reflect  .   c - +0 helmet
rElec    .         Harm     .   (no cloak)
rCorr    .         Rampage  .   (no gloves)
Will     .....                  (boots unavailable)
Stlth    +.........             h - amulet of the acrobat
HPRegen  0.11/turn              (no ring)
MPRegen  0.00/turn              (no ring)

@: flying, hasted, very quick
A: sickness immunity, fire resistance 2, cold vulnerability 1, float, innate
caster, hp casting, extra vitality 1
a: no special abilities


You were on level 3 of the Dungeon.
You visited 1 branch of the dungeon, and saw 3 of its levels.

You collected 91 gold pieces.

Inventory:

Hand Weapons
 a - a +0 long sword (weapon)
Missiles
 d - 3 throwing nets (quivered)
Armour
 b - a +0 leather armour (worn)
 c - a +0 helmet (worn)
 i - a +0 tower shield (worn)
Jewellery
 h - an amulet of the acrobat (around neck)
Scrolls
 e - 2 scrolls of enchant weapon {unknown}
 k - a scroll of amnesia
Potions
 f - a potion of haste
 j - a potion of heal wounds {unknown}
 l - a potion of lignification {unknown}
 m - a potion of attraction {unknown}


   Skills:
 + Level 2.3 Fighting
 + Level 3.3 Long Blades
 + Level 1.7 Throwing
 + Level 1.5 Armour
 + Level 3.8 Dodging
 + Level 0.7 Shields
 * Level 0.7 Spellcasting


You had 3 spell levels left.
You knew the following spells:

 Your Spells              Type           Power      Damage    Failure   Level
a - Sting                 Tmut/Pois      4%         1d3       100%        1
Your spell library was empty.


Dungeon Overview and Level Annotations

Branches:
Dungeon (3/15)

Altars:

Annotations:
D:3 Sigmund


Innate Abilities, Weirdness & Mutations

You are immune to sickness and miasma.
You are immune to poison.
Your flesh is very heat resistant. (rF++)
You are vulnerable to cold. (rC-)
You float through the air rather than walking.
You learn spells naturally, not from books.
Your magical power is your life essence.
You have superior vitality. (+4 HP)


Message History

Press: ? - help, Dir - move target, f - Sigmund
Aim: Sigmund, wielding a +2 vampiric scythe and wearing a +0 robe (about 45% to evade your +0 long sword)
Your weapon can't reach that far!
Okay, then.
Unknown command.
Sorry, you're not good enough to have a special ability.
Unknown command.
Casting: Sting (safe; 100% risk of failure)
Confirm with . or Enter, or press ? or * to list all spells.
Okay, then.
It was a potion of haste.
You feel yourself speed up. Sigmund casts a spell at you.
The magic dart hits you! Sigmund completely misses you.
You see here a ball python corpse.
You hit Sigmund.
Sigmund is lightly wounded.
You block Sigmund's attack.
You hit Sigmund.
Sigmund is moderately wounded.
You block Sigmund's attack.
You closely miss Sigmund.
Sigmund is moderately wounded.
Sigmund mumbles some strange words.
Sigmund flickers and vanishes!
Deactivating autopickup; reactivate with Ctrl-A.
No target in view!
No target in view!
No target in view!
You miss something. Something hits you!
You closely miss something. Something hits you!
* * * LOW HITPOINT WARNING * * *
You hit something. Something hits you but does no damage.
You miss something. Something hits you.
* * * LOW HITPOINT WARNING * * *
It was a potion of degeneration.
There was something very wrong with that liquid.
You feel weakened.
You feel dopey.
You feel clumsy. Something hits you!
You die...

#. #. ########## #. .........# #.
.........# #. ###### ...).....#
#. .....## .........# #.
...#..###......{..# ## ....≈
≈.#.......@.#######.#.. ...≈≈
≈≈...................#
...♣≈♣≈.#...$.....###.######
..)##..##############..# ......#
#...#.......##.#
......###...#.......##.##########
............'...................<
......###...#.......###.###.#.###
......# #...#.......# #.# #.#.#..


There were no monsters in sight!

Vanquished Creatures
  2 gnolls (D:3)
  2 adders
  An adder skeleton (D:3)
  2 orcs (D:3)
  4 ball pythons
  2 bats
  4 endoplasms
  5 goblins
  5 hobgoblins
  4 quokkas
  5 frilled lizards
  7 kobolds
  A rat (D:1)
44 creatures vanquished.

Vanquished Creatures (others)
  A plant (D:1)
1 creature vanquished.

Grand Total: 45 creatures vanquished

Notes
Turn   | Place    | Note
-------+----------+-------------------------------------------
     0 | D:1      | Malachi the Djinni Gladiator began the quest for the Orb.
     0 | D:1      | Reached XP level 1. HP: 18/18 MP: 0/0
   372 | D:1      | Reached XP level 2. HP: 23/23 MP: 0/0
  1114 | D:1      | Reached XP level 3. HP: 28/28 MP: 0/0
  1114 | D:1      | Learned a level 1 spell: Sting
  1854 | D:2      | Reached skill level 1 in Armour
  1863 | D:2      | Found Ketaijop's Jewellery Shop.
  2433 | D:2      | Reached XP level 4. HP: 33/33 MP: 0/0
  3655 | D:3      | Noticed Sigmund
  3668 | D:3      | Slain by Sigmund

Illustrated notes

Levels and vault maps discovered:
D:1:      beargit_arrival_diablo_church, layout_basic, serial_bayou_pond_c,
          st_stairs_11
D:2:      layout_basic, serial_shops, nicolae_diamond_shop
D:3:      layout_basic, serial_bayou_pond_e, eino_curves_01, uniq_sigmund

Skill      XL: |  1  2  3 |
---------------+----------+-----
Long Blades    | 3 |  3.3
Armour         | 1 |  1.5
Fighting       | |  2.3
Throwing       | |  1.7
Dodging        | |  3.8
Shields        | |  0.7
Spellcasting   | |  0.7

Action                   |  1- 3 |  4- 6 || total
-------------------------+-------+-------++-------
Melee: Long sword        |   107 |    52 ||   159
  Use: Scroll            |       |     2 ||     2
       Potion            |       |     2 ||     2
 Stab: Sleeping          |     1 |       ||     1
Armor: Leather armour    |    54 |    10 ||    64
Dodge: Dodged            |    73 |    17 ||    90
Block: Tower shield      |    19 |    36 ||    55
       Rpst.: Long sword |    26 |     3 ||    29
